[Event "November 21 Early 2023"]
[Site "https://www.chess.com"]
[Date "2023.11.21"]
[Round "6"]
[White "Spichkin, Alexander"]
[Black "Streltsov, Alexey"]
[Result "1-0"]
[Board "127"]
[TimeControl "180+1"]
[WhiteFideId "4144074"]
[BlackFideId "24104434"]
[WhiteElo "1968"]
[BlackElo "2311"]
[WhiteTeam "RUS"]
[BlackTeam "ISR"]
[WhiteClock "0:01:25"]
[BlackClock "0:00:58"]

1. f4 d5 2. Nf3 g6 3. e3 Bg7 4. Be2 c5 5. O-O Nc6 6. d3 Nf6 7. Kh1 O-O 8. a4 Re8 9. Ne5 Qc7 10. Nxc6 Qxc6 11. Nc3 e5 12. e4 dxe4 13. dxe4 exf4 14. Bb5 Qe6 15. Bxe8 Qxe8 16. Bxf4 Nxe4 17. Nxe4 Qxe4 18. Re1 Qxf4 19. Re8+ Bf8 20. Qd8 Qh6 21. Rae1 Bd7 22. Qxd7 Rxe8 23. Qxe8 Qd2 24. Qe2 Qb4 25. b3 h5 26. Rd1 Qf4 27. Qf3 Qc7 28. Qd5 a6 29. Qd7 Qb6 30. Rf1 f5 31. Re1 Qf6 32. Qe6+ Kg7 33. Qxf6+ Kxf6 34. Re8 Bd6 35. g3 f4 36. Kg2 fxg3 37. hxg3 Kf5 38. Kf3 b5 39. a5 Bc7 40. Ra8 Bxa5 41. Rxa6 Bc3 42. Rc6 Bd4 43. c3 Bg1 44. Rb6 g5 45. Rxb5 g4+ 46. Kg2 Be3 47. b4 Ke4 48. bxc5 Kd5 49. c6+ Kxc6 50. Rxh5 Bd2 51. c4 Kd6 52. Kf1 Ke6 53. Ke2 Bc1 54. Kd3 Kf6 55. Ke4 Bg5 56. c5 Bd2 57. c6 Ke6 58. Rd5 Be1 59. c7 1-0

[Event "November 21 Early 2023"]
[Site "https://www.chess.com"]
[Date "2023.11.21"]
[Round "6"]
[White "WindWhistler11"]
[Black "Goldin, Roman"]
[Result "0-1"]
[Board "128"]
[TimeControl "180+1"]
[BlackFideId "2803860"]
[WhiteElo "2575"]
[BlackElo "2312"]
[BlackTeam "ISR"]
[WhiteClock "0:00:07"]
[BlackClock "0:00:03"]

1. Nf3 Nf6 2. g3 b5 3. Bg2 Bb7 4. d3 e6 5. Nbd2 c5 6. e4 d6 7. O-O Be7 8. a4 b4 9. Re1 Qc7 10. Nc4 e5 11. Ne3 Nc6 12. Nf5 O-O 13. c3 bxc3 14. bxc3 Rab8 15. N3h4 Bd8 16. Qd2 g6 17. Ne3 Na5 18. Ra3 Bc6 19. Qd1 c4 20. Nxc4 Nxc4 21. dxc4 Be7 22. Ra2 Ba8 23. Qd3 Rfc8 24. Bf1 Nd7 25. Ng2 Nc5 26. Qf3 Qc6 27. Rae2 Qxa4 28. h4 Qxc4 29. Re3 Qe6 30. Kh2 a5 31. R3e2 a4 32. Ne3 Bxe4 33. Qg4 Qxg4 34. Nxg4 Bf3 35. Ne3 Bxe2 36. Bxe2 d5 37. Nxd5 Bf8 38. h5 Nb3 39. Bg5 a3 40. Nf6+ Kh8 41. h6 Be7 42. Ne4 Bxg5 43. Nxg5 Kg8 44. Bg4 a2 45. Bxc8 Rxc8 46. Ne4 a1=Q 47. Nf6+ Kf8 48. Rxe5 Qxc3 49. Nd7+ Kg8 50. Nf6+ Kh8 51. Nd7 Qc7 52. Re7 Rd8 53. Rxf7 Qxd7 54. Rf6 Qe7 55. Rf4 Rf8 56. Kg2 Rxf4 57. gxf4 Qf6 58. f3 Qf5 59. Kg3 Nd4 60. Kf2 Qxf4 61. Kg2 Qxf3+ 62. Kg1 Qe2 0-1

[Event "November 21 Early 2023"]
[Site "https://www.chess.com"]
[Date "2023.11.21"]
[Round "6"]
[White "Kotepalli, Sai Nirupama"]
[Black "Kim, Sergey"]
[Result "0-1"]
[Board "129"]
[TimeControl "180+1"]
[WhiteFideId "5039444"]
[BlackFideId "13700570"]
[WhiteElo "2402"]
[BlackElo "2573"]
[WhiteTeam "IND"]
[BlackTeam "KAZ"]
[WhiteClock "0:00:16"]
[BlackClock "0:02:17"]

1. d4 Nf6 2. Bf4 g6 3. e3 d6 4. c4 Bg7 5. Nf3 O-O 6. h3 Nbd7 7. Nc3 b6 8. Be2 Bb7 9. O-O Ne4 10. Nxe4 Bxe4 11. a4 a5 12. Nd2 Bb7 13. Bf3 Qc8 14. Bxb7 Qxb7 15. Qf3 Qxf3 16. Nxf3 e5 17. dxe5 dxe5 18. Bg3 f6 19. Rfd1 Rfd8 20. Ne1 Nc5 21. f4 Kf7 22. fxe5 fxe5 23. Nf3 Re8 24. Rd5 c6 25. Rd6 Rac8 26. Rf1 Kg8 27. Ra1 Ne4 0-1

[Event "November 21 Early 2023"]
[Site "https://www.chess.com"]
[Date "2023.11.21"]
[Round "6"]
[White "Kozelov, Roman"]
[Black "Derjabin, Ilja"]
[Result "1-0"]
[Board "130"]
[TimeControl "180+1"]
[WhiteFideId "14133377"]
[BlackFideId "14104768"]
[WhiteElo "2149"]
[BlackElo "2309"]
[WhiteTeam "UKR"]
[BlackTeam "UKR"]
[WhiteClock "0:02:10"]
[BlackClock "0:00:43"]

1. e4 e6 2. d4 d5 3. Nc3 Nf6 4. Bg5 Be7 5. e5 Ne4 6. Bxe7 Qxe7 7. Nxe4 dxe4 8. Ne2 c5 9. Nc3 O-O 10. Bc4 Nc6 11. O-O cxd4 12. Nxe4 Nxe5 13. Qxd4 Nxc4 14. Qxc4 b6 15. Rad1 Bb7 16. Nd6 Bd5 17. Rxd5 exd5 18. Qxd5 Rad8 19. Rd1 Rd7 20. Nf5 Qf6 21. Qxd7 Qxb2 22. Ne7+ Kh8 23. Qd8 1-0

[Event "November 21 Early 2023"]
[Site "https://www.chess.com"]
[Date "2023.11.21"]
[Round "6"]
[White "Khater, Sherif"]
[Black "Herman, Daniel"]
[Result "0-1"]
[Board "131"]
[TimeControl "180+1"]
[WhiteFideId "2034280"]
[BlackFideId "30935008"]
[WhiteElo "2540"]
[BlackElo "1897"]
[WhiteTeam "USA"]
[BlackTeam "USA"]
[WhiteClock "0:00:02"]
[BlackClock "0:00:14"]

1. d4 Nf6 2. Bg5 d5 3. Bxf6 gxf6 4. e3 c5 5. dxc5 e5 6. Nc3 Be6 7. b4 Nc6 8. a3 a5 9. Bb5 Rg8 10. g3 d4 11. exd4 exd4 12. Nce2 Qd5 13. f3 Rd8 14. Nf4 Qe5+ 15. Qe2 Bh6 16. Qxe5 fxe5 17. Nxe6 fxe6 18. Ne2 Ke7 19. Bxc6 bxc6 20. O-O Be3+ 21. Kg2 Ra8 22. Rab1 Rgb8 23. f4 axb4 24. Rxb4 Rxb4 25. axb4 Ra2 26. fxe5 Rxc2 27. Kf3 Rb2 28. Ra1 Kf7 29. Ra7+ Kg6 30. Rc7 Rxb4 31. Rxc6 Kf5 32. Rc8 Kxe5 33. c6 Rc4 34. g4 Bg5 35. Kg3 d3 36. Ng1 d2 37. Nf3+ Kf6 38. Rd8 Bf4+ 39. Kg2 Rxc6 40. Kh3 Rc3 41. Kg2 Rc2 42. Kh3 e5 43. g5+ Kf5 44. Rf8+ Ke4 45. Nxd2+ Rxd2 46. Kg4 Rg2+ 47. Kh3 Kf3 48. Rxf4+ exf4 49. g6 hxg6 50. Kh4 Rxh2+ 0-1

[Event "November 21 Early 2023"]
[Site "https://www.chess.com"]
[Date "2023.11.21"]
[Round "6"]
[White "Nguyen, Thi Mai Hung"]
[Black "Tologon tegin, Semetei"]
[Result "0-1"]
[Board "132"]
[TimeControl "180+1"]
[WhiteFideId "12401676"]
[BlackFideId "13800574"]
[WhiteElo "2067"]
[BlackElo "2258"]
[WhiteTeam "VIE"]
[BlackTeam "KGZ"]
[WhiteClock "0:00:00"]
[BlackClock "0:00:24"]

1. d4 c5 2. d5 e5 3. e4 d6 4. Nc3 Be7 5. Nf3 Nf6 6. Bd3 O-O 7. Nd2 g6 8. O-O Nh5 9. Nc4 b6 10. a4 Ba6 11. Ne3 Bxd3 12. Qxd3 Bg5 13. Ng4 Nd7 14. g3 Bxc1 15. Raxc1 Qg5 16. Ne3 f5 17. h4 Qf6 18. Nb5 f4 19. Ng4 Qe7 20. Nc7 Rac8 21. Ne6 Rfe8 22. Qf3 Nf8 23. Nh6+ Kh8 24. Ng5 Kg7 25. Nf5+ gxf5 26. Qxh5 h6 27. exf5 hxg5 28. hxg5 Qf7 29. Qh6+ Kg8 30. g4 Qh7 31. Kg2 Qxh6 32. gxh6 Nh7 33. Rh1 Kf7 34. Rh5 Rg8 35. f3 Rg5 36. Rh4 Rh8 37. c4 Nf6 38. Rch1 Kg8 0-1

[Event "November 21 Early 2023"]
[Site "https://www.chess.com"]
[Date "2023.11.21"]
[Round "6"]
[White "NovoselovRoman"]
[Black "Dishman, Stephen"]
[Result "1/2-1/2"]
[Board "133"]
[TimeControl "180+1"]
[BlackFideId "403024"]
[WhiteElo "2528"]
[BlackElo "2204"]
[BlackTeam "ENG"]
[WhiteClock "0:00:10"]
[BlackClock "0:00:16"]

1. e4 c6 2. Nc3 d5 3. d4 dxe4 4. Nxe4 Bf5 5. Ng3 Bg6 6. Nh3 Nf6 7. Nf4 e5 8. dxe5 Qa5+ 9. c3 Qxe5+ 10. Be2 Nbd7 11. O-O O-O-O 12. Qa4 Bc5 13. Nd3 Bxd3 14. Bxd3 Nb6 15. Qc2 h5 16. Bf5+ Kb8 17. Bg5 h4 18. Ne2 Nfd5 19. Rae1 Rde8 20. Qb1 Bd6 21. Nf4 Qxf4 22. Bxf4 Nxf4 23. Bg4 h3 24. gxh3 Nbd5 25. Qf5 Ref8 26. c4 Nf6 27. c5 Bc7 28. Re7 N4d5 29. Re2 g6 30. Qd3 Nf4 31. Qf3 Nxe2+ 32. Qxe2 Nd5 33. Re1 f5 34. Bf3 Nf4 35. Qe7 Nxh3+ 36. Kg2 Nf4+ 37. Kh1 Rxh2+ 38. Kxh2 Nd5+ 39. Kg2 Nxe7 40. Rxe7 Rg8 41. Be2 g5 42. Bc4 Rf8 43. Be6 f4 44. Kf3 a5 45. a3 Be5 46. b4 axb4 47. axb4 Bc3 48. b5 cxb5 49. Bd5 Kc8 50. Bxb7+ Kb8 51. c6 Bb4 52. Rd7 Ba5 53. Ba6 Bc7 54. Bxb5 Rf5 55. Bd3 Re5 56. Rh7 Rc5 57. Be4 Re5 58. Rh8+ Ka7 59. Rc8 Kb6 60. Rg8 Rc5 61. Kg4 Re5 62. f3 Rc5 63. Rxg5 Rxg5+ 64. Kxg5 Kc5 65. Kf6 Kb6 66. Ke6 Bb8 67. Kd7 Bc7 68. Ke6 Bb8 69. Kd5 Bc7 70. Ke6 1/2-1/2

[Event "November 21 Early 2023"]
[Site "https://www.chess.com"]
[Date "2023.11.21"]
[Round "6"]
[White "Kovalyov_Eduard"]
[Black "secrethawk1"]
[Result "0-1"]
[Board "134"]
[TimeControl "180+1"]
[WhiteElo "2522"]
[BlackElo "2377"]
[WhiteClock "0:00:00"]
[BlackClock "0:01:56"]

1. e4 c6 2. d4 d5 3. e5 Bf5 4. Nf3 e6 5. Be2 c5 6. Be3 Ne7 7. O-O cxd4 8. Nxd4 Nbc6 9. Bb5 a6 10. Bxc6+ bxc6 11. c3 Qc7 12. f4 Bg6 13. Nd2 h5 14. b4 Nf5 15. Nxf5 Bxf5 16. Nb3 Be7 17. Bc5 O-O 18. Bxe7 Qxe7 19. Nc5 g6 20. a4 a5 21. Qd4 Rfb8 22. Rf2 h4 0-1

[Event "November 21 Early 2023"]
[Site "https://www.chess.com"]
[Date "2023.11.21"]
[Round "6"]
[White "Ovezdurdyyeva, Jemal"]
[Black "Jeet, Jain"]
[Result "1-0"]
[Board "135"]
[TimeControl "180+1"]
[WhiteFideId "14001888"]
[BlackFideId "5073022"]
[WhiteElo "2086"]
[BlackElo "2067"]
[WhiteTeam "TKM"]
[BlackTeam "IND"]
[WhiteClock "0:00:33"]
[BlackClock "0:00:00"]

1. e4 e6 2. d4 d5 3. Nd2 Nf6 4. e5 Nfd7 5. Ngf3 c5 6. c3 Nc6 7. Be2 a6 8. O-O b5 9. Re1 Qb6 10. Nf1 Be7 11. Be3 cxd4 12. cxd4 Bb7 13. Rc1 O-O 14. Bd3 h6 15. Bb1 f5 16. exf6 Nxf6 17. Ne5 Bd6 18. Ng3 Ne7 19. Qd3 Rac8 20. Nh5 Nf5 21. Nf4 Rxc1 22. Rxc1 Bxe5 23. dxe5 Nxe3 24. exf6 Nf5 25. fxg7 Kxg7 26. Re1 Bc8 27. Qe2 Kf6 28. Qe5+ Kf7 29. Bxf5 exf5 30. Qxd5+ Kf6 31. Qe5+ Kf7 32. Nd5 Qc6 33. Ne7 Qf6 34. Qc7 Kg7 35. Nxc8+ Rf7 36. Qg3+ Kh7 37. Nd6 Rg7 38. Qf4 Qxb2 39. Qxf5+ Rg6 40. h4 Qd2 41. Re7+ Kh8 42. Qf8+ Rg8 43. Qf6+ 1-0

[Event "November 21 Early 2023"]
[Site "https://www.chess.com"]
[Date "2023.11.21"]
[Round "6"]
[White "MIss_MIaMI"]
[Black "Erzhanov, Arman"]
[Result "0-1"]
[Board "136"]
[TimeControl "180+1"]
[BlackFideId "4138821"]
[WhiteElo "2367"]
[BlackElo "2171"]
[BlackTeam "KAZ"]
[WhiteClock "0:00:39"]
[BlackClock "0:02:05"]

1. e4 d6 2. Nf3 Nf6 3. d4 Nxe4 4. Bd3 Nf6 5. O-O Bg4 6. h3 Bh5 7. c3 e6 8. Bg5 Be7 9. Nbd2 O-O 10. Qb3 Qc8 11. Qc2 Bg6 12. Bxg6 hxg6 13. Rfe1 Nbd7 14. Nf1 Re8 15. Rad1 c6 16. Bf4 Bf8 17. c4 d5 18. c5 b6 19. b4 a5 20. a3 axb4 21. axb4 bxc5 22. bxc5 Ne4 23. Ra1 Rxa1 24. Rxa1 Qb7 25. Rb1 Qa6 26. Ne5 Nxe5 27. Bxe5 Ra8 28. Rb6 Qa1 29. Rb1 Qc3 30. Qxc3 Nxc3 31. Rb3 Ne2+ 32. Kh2 f6 33. Bd6 Nxd4 34. Rb7 Bxd6+ 35. cxd6 Rd8 36. d7 Kf7 37. Rb4 e5 38. f4 Ke6 39. fxe5 fxe5 40. Ne3 Rxd7 41. Ng4 Nf5 42. Rb8 e4 43. Rc8 Ne7 44. Ra8 d4 45. Kg3 d3 46. Ra1 d2 47. Ne3 Nf5+ 48. Nxf5 gxf5 49. Rd1 Ke5 50. Kf2 f4 51. Ke2 e3 52. h4 Ke4 53. h5 c5 54. h6 gxh6 55. Rh1 d1=Q+ 56. Rxd1 Rxd1 57. Kxd1 f3 58. gxf3+ Kxf3 59. Ke1 e2 60. Kd2 Kf2 61. Kc3 e1=Q+ 62. Kc4 Qe4+ 63. Kb5 c4 64. Kb4 Qd4 65. Ka3 c3 66. Kb3 Qd3 67. Ka2 c2 68. Kb2 Qd2 69. Kb3 c1=Q 70. Ka4 Qdb2 71. Ka5 Qca1# 0-1

[Event "November 21 Early 2023"]
[Site "https://www.chess.com"]
[Date "2023.11.21"]
[Round "6"]
[White "Dmitrenko, Viktor"]
[Black "Herman, Matthew"]
[Result "0-1"]
[Board "137"]
[TimeControl "180+1"]
[WhiteFideId "14110270"]
[BlackFideId "2028964"]
[WhiteElo "2292"]
[BlackElo "2368"]
[WhiteTeam "UKR"]
[BlackTeam "USA"]
[WhiteClock "0:00:28"]
[BlackClock "0:01:18"]

1. e4 e5 2. Nf3 Nc6 3. Nc3 Nf6 4. d4 exd4 5. Nd5 Nb4 6. Bd3 Nbxd5 7. exd5 Bb4+ 8. c3 Qe7+ 9. Kd2 dxc3+ 10. bxc3 Bxc3+ 11. Kxc3 Nxd5+ 12. Kc2 Qc5+ 13. Kd2 Qc3+ 14. Ke2 Qxa1 15. Qc2 Qc3 0-1

[Event "November 21 Early 2023"]
[Site "https://www.chess.com"]
[Date "2023.11.21"]
[Round "6"]
[White "Rietze, Clemens, Dr."]
[Black "Matthes, Aaron"]
[Result "0-1"]
[Board "138"]
[TimeControl "180+1"]
[WhiteFideId "24620351"]
[BlackFideId "16227310"]
[WhiteElo "2288"]
[BlackElo "2356"]
[WhiteTeam "GER"]
[BlackTeam "GER"]
[WhiteClock "0:00:00"]
[BlackClock "0:00:04"]

1. d4 Nf6 2. c4 e6 3. Nf3 b6 4. g3 Bb7 5. Bg2 Be7 6. O-O O-O 7. Nc3 Ne4 8. Bd2 d6 9. d5 Nxd2 10. Nxd2 e5 11. b4 a5 12. a3 Nd7 13. Nb3 f5 14. e3 Bf6 15. Qd2 Ba6 16. Qe2 Bb7 17. Rfc1 a4 18. Nd2 e4 19. Rab1 Ne5 20. Nb5 Ba6 21. Nd4 Nd3 22. Rd1 Bxd4 23. exd4 Qf6 24. Qe3 Rae8 25. f3 exf3 26. Qxd3 fxg2 27. Kxg2 Bc8 28. Rf1 Qh6 29. Rbe1 Rxe1 30. Rxe1 f4 31. gxf4 Bf5 32. Qe3 Qh4 33. Qg3 Qf6 34. Nf3 h6 35. h3 Kh7 36. Kh2 Bg6 37. f5 Qxf5 38. Nh4 Qc2+ 39. Kg1 Be4 40. Qe3 Re8 41. Qg3 g5 0-1

[Event "November 21 Early 2023"]
[Site "https://www.chess.com"]
[Date "2023.11.21"]
[Round "6"]
[White "Viskelis, Darius"]
[Black "Kubicka, Anna"]
[Result "1-0"]
[Board "139"]
[TimeControl "180+1"]
[WhiteFideId "12800830"]
[BlackFideId "1152254"]
[WhiteElo "1859"]
[BlackElo "2042"]
[WhiteTeam "LTU"]
[BlackTeam "POL"]
[WhiteClock "0:00:49"]
[BlackClock "0:00:00"]

1. e4 c5 2. Nf3 d6 3. Bb5+ Nd7 4. c3 a6 5. Ba4 g6 6. O-O Bg7 7. d4 cxd4 8. cxd4 Nf6 9. Nc3 O-O 10. h3 b5 11. Bb3 Bb7 12. e5 Bxf3 13. Qxf3 dxe5 14. dxe5 Nxe5 15. Qe2 Nc6 16. Be3 Nd4 17. Bxd4 Qxd4 18. Qxe7 Rae8 19. Qb7 b4 20. Nd5 Nxd5 21. Bxd5 Rb8 22. Bxf7+ Kh8 23. Qe7 Qxb2 24. Rab1 Qd4 25. Rfd1 Qf4 26. Rd7 Bf6 27. Qe6 Bd4 28. Rf1 a5 29. Bxg6 hxg6 30. Qxg6 Bxf2+ 31. Kh1 1-0

[Event "November 21 Early 2023"]
[Site "https://www.chess.com"]
[Date "2023.11.21"]
[Round "6"]
[White "Eggleston, Thomas A"]
[Black "Koepke, Christian"]
[Result "0-1"]
[Board "140"]
[TimeControl "180+1"]
[WhiteFideId "412139"]
[BlackFideId "4655737"]
[WhiteElo "2169"]
[BlackElo "2238"]
[WhiteTeam "ENG"]
[BlackTeam "GER"]
[WhiteClock "0:00:00"]
[BlackClock "0:00:42"]

1. e4 c6 2. Nf3 d5 3. d3 Qc7 4. c4 dxe4 5. dxe4 e5 6. Be2 Nf6 7. Nc3 Bb4 8. O-O Bxc3 9. bxc3 O-O 10. Qc2 h6 11. Nh4 Re8 12. Nf5 Bxf5 13. exf5 e4 14. c5 Nbd7 15. Be3 Ne5 16. h3 Rad8 17. Bd4 Qd7 18. Rab1 Qxf5 19. Rxb7 Rd7 20. Rfb1 Ree7 21. Rb8+ Kh7 22. Ra8 Nd3 23. Rbb8 Rxd4 24. Rh8+ Kg6 25. cxd4 Qxf2+ 26. Kh2 Ng4+ 27. hxg4 Ne1 28. Bd1 Nxc2 29. g5 Ne3 0-1

[Event "November 21 Early 2023"]
[Site "https://www.chess.com"]
[Date "2023.11.21"]
[Round "6"]
[White "Hoffmann, Asa"]
[Black "Grochal, Joey"]
[Result "0-1"]
[Board "141"]
[TimeControl "180+1"]
[WhiteFideId "2001470"]
[BlackFideId "1019945"]
[WhiteElo "2117"]
[BlackElo "2231"]
[WhiteTeam "USA"]
[BlackTeam "NED"]
[WhiteClock "0:00:06"]
[BlackClock "0:00:54"]

1. d4 Nf6 2. Bg5 Ne4 3. Bf4 c5 4. f3 Nf6 5. dxc5 Qa5+ 6. Nc3 Qxc5 7. e4 d6 8. Qd2 Be6 9. Be3 Qb4 10. O-O-O Nc6 11. a3 Qa5 12. Nb5 Qxd2+ 13. Rxd2 Kd8 14. Ne2 Nd7 15. Nf4 a6 16. Nxe6+ fxe6 17. Nc3 g6 18. Bc4 e5 19. Be6 Bg7 20. Nd5 Rb8 21. Nb6 Nxb6 22. Bxb6+ Ke8 23. h4 Nd4 24. Ba2 Kd7 25. c3 Ne6 26. Be3 h5 27. Kc2 Bh6 28. Bxh6 Rxh6 29. Bxe6+ Kxe6 30. Rd5 Rg8 31. c4 g5 32. hxg5 Rxg5 33. Rh2 h4 34. c5 h3 35. gxh3 Rg3 36. cxd6 exd6 37. Rhd2 Ke7 38. R2d3 Rgxh3 39. b4 Rf6 40. b5 Rhxf3 41. bxa6 bxa6 42. a4 Rxd3 43. Rxd3 Rf4 44. Re3 Ke6 45. Kb3 d5 46. exd5+ Kxd5 47. Rd3+ Rd4 48. Rh3 a5 49. Rh8 Rb4+ 50. Ka3 Rg4 51. Ra8 e4 52. Rxa5+ Kd4 53. Ra8 e3 54. Rd8+ Kc3 55. Re8 Kd3 56. a5 Re4 57. Rd8+ Kc2 58. Rc8+ Kd3 59. Rd8+ Kc4 60. Rc8+ Kb5 61. Rc1 e2 62. Re1 Kc4 63. Kb2 Kd3 64. a6 Kd2 65. Rxe2+ Kxe2 66. Kb3 Re6 0-1

[Event "November 21 Early 2023"]
[Site "https://www.chess.com"]
[Date "2023.11.21"]
[Round "6"]
[White "Rodriguez Fontecha, Marcos"]
[Black "rikchessmx"]
[Result "1-0"]
[Board "142"]
[TimeControl "180+1"]
[WhiteFideId "2256576"]
[WhiteElo "2249"]
[BlackElo "2331"]
[WhiteTeam "ESP"]
[WhiteClock "0:01:24"]
[BlackClock "0:00:38"]

1. Nf3 Nf6 2. g4 Nxg4 3. e4 e5 4. d4 exd4 5. Nxd4 Qh4 6. Qf3 Bc5 7. c3 Nc6 8. Rg1 Nce5 9. Qg3 Qxg3 10. Rxg3 Nxh2 11. Be2 g6 12. f4 Nc6 13. Be3 Nxd4 14. Bxd4 Bxd4 15. cxd4 h5 16. Rh3 d5 17. Rxh2 dxe4 18. Nc3 Bf5 19. Nd5 O-O-O 20. Ne7+ Kb8 21. Nxf5 gxf5 22. O-O-O h4 23. Rh3 Rdg8 24. Rdh1 Rg2 25. Rxh4 Rhg8 26. Rh8 c5 27. Rxg8+ Rxg8 28. dxc5 Rg2 29. Bc4 Rf2 30. Rh4 Kc7 31. Bxf7 e3 32. Bc4 Kc6 33. b4 a5 34. a3 b5 35. cxb6 Kxb6 36. Kd1 Rd2+ 37. Ke1 Rd4 38. bxa5+ Kxa5 39. Be6 Rd3 40. Bxf5 Rxa3 41. Ke2 Kb6 42. Rh3 Kc5 43. Rxe3 Ra2+ 44. Kf3 Kd4 45. Re8 Ra3+ 46. Kg4 Ra1 47. Bg6 Rg1+ 48. Kf5 Rxg6 49. Kxg6 1-0

[Event "November 21 Early 2023"]
[Site "https://www.chess.com"]
[Date "2023.11.21"]
[Round "6"]
[White "Orlov, Georgi"]
[Black "Rose, Felix"]
[Result "1/2-1/2"]
[Board "143"]
[TimeControl "180+1"]
[WhiteFideId "2011271"]
[BlackFideId "5105722"]
[WhiteElo "2496"]
[BlackElo "2039"]
[WhiteTeam "USA"]
[BlackTeam "MEX"]
[WhiteClock "0:00:34"]
[BlackClock "0:00:26"]

1. d4 d5 2. Nf3 Nf6 3. c4 e6 4. Nc3 Be7 5. g3 O-O 6. Bg2 dxc4 7. Ne5 c5 8. dxc5 Qa5 9. Nxc4 Qxc5 10. Qb3 Qb4 11. O-O Qxb3 12. axb3 Nc6 13. Bf4 Bd7 14. Rfd1 Rfd8 15. Nb5 a6 16. Nb6 e5 17. Bg5 axb5 18. Rxa8 Rxa8 19. Nxa8 Be6 20. Nc7 Bxb3 21. Nxb5 Bxd1 22. Kf1 h6 23. Bxf6 Bxf6 24. Nd6 Nd4 25. e3 Nc6 26. Nxb7 Nb4 27. Nc5 Bc2 28. Ke2 e4 29. b3 Bd3+ 30. Kd2 Be7 31. Nxe4 Bxe4 32. Bxe4 Kf8 33. Kc3 Bd6 34. Kc4 Ke7 35. f4 f6 36. h4 Ke6 37. g4 Kd7 38. Kd4 Kc7 39. Kc4 Kb6 40. Bg2 Bc5 41. e4 Nc6 42. Kd5 Be3 43. e5 Bxf4 44. exf6 gxf6 45. Ke6 Bg3 46. Kxf6 Bxh4+ 47. Kf5 Bg5 48. Ke4 Nb4 49. Bf1 Kc5 50. Bc4 Nc6 51. Be6 Kb4 52. Bd5 Na5 53. Kd3 Nxb3 54. Bxb3 Kxb3 55. Ke4 Kc3 56. Kf3 Kd3 57. Kg2 Ke3 58. Kg3 Ke2 59. Kg2 Ke3 60. Kg3 Ke4 61. Kg2 Kf4 62. Kh2 Kxg4 63. Kg2 h5 64. Kh1 Kh3 65. Kg1 Bf4 66. Kh1 Bg3 67. Kg1 Bh2+ 68. Kh1 Bf4 69. Kg1 Kg4 70. Kh1 Kf3 71. Kg1 h4 72. Kh1 Ke2 73. Kg1 Be3+ 74. Kh1 Bf2 75. Kg2 Bg3 76. Kh1 Kf3 77. Kg1 Kg4 78. Kh1 Bc7 79. Kg1 h3 80. Kh1 Bg3 81. Kg1 Kf3 82. Kh1 Ke2 83. Kg1 Kd3 84. Kh1 Ke4 85. Kg1 Kf5 86. Kh1 Kg6 87. Kg1 Kh7 88. Kh1 Kg8 89. Kg1 Kf7 90. Kh1 Ke6 91. Kg1 Kd5 92. Kh1 Ke4 93. Kg1 Kd3 94. Kh1 Ke2 95. Kg1 Kf3 96. Kh1 h2 1/2-1/2

[Event "November 21 Early 2023"]
[Site "https://www.chess.com"]
[Date "2023.11.21"]
[Round "6"]
[White "Luukkonen, Tommi"]
[Black "Zampronha, Wladimir Camilo"]
[Result "0-1"]
[Board "144"]
[TimeControl "180+1"]
[WhiteFideId "501808"]
[BlackFideId "2103087"]
[WhiteElo "2219"]
[BlackElo "2055"]
[WhiteTeam "FIN"]
[BlackTeam "BRA"]
[WhiteClock "0:00:06"]
[BlackClock "0:00:11"]

1. e4 c5 2. d4 cxd4 3. Qxd4 Nc6 4. Qd3 d6 5. Nc3 g6 6. Nf3 Bg7 7. Be2 Nf6 8. O-O O-O 9. Nd5 Bg4 10. c3 Bxf3 11. Bxf3 Ne5 12. Qd1 Nxd5 13. exd5 Nxf3+ 14. Qxf3 Qb6 15. a4 Rac8 16. a5 Qb5 17. Rd1 Rc4 18. Qe2 Rd4 19. Qe1 Rxd5 20. Rxd5 Qxd5 21. Be3 Qb3 22. Qd2 a6 23. h4 h5 24. Re1 Bf6 25. Bg5 Bxg5 26. hxg5 e6 27. Re4 Qa2 28. Rb4 Qxa5 29. Rxb7 d5 30. b4 Qa1+ 31. Kh2 Qb1 32. Rb6 Ra8 33. Qe3 Qf5 34. Rb7 Rc8 35. f4 Rc4 36. g3 Qc2+ 37. Kh3 Rxc3 38. Rb8+ Kh7 39. Qe5 Qf5+ 40. Qxf5 gxf5 41. Rf8 Kg7 42. Ra8 Ra3 43. b5 a5 44. b6 Rb3 45. Rxa5 Rxb6 46. Kh4 Rb1 47. Kh3 Rh1+ 48. Kg2 Re1 49. Ra7 Kg6 50. Ra8 Rc1 51. Rg8+ Kh7 52. Rf8 Kg7 53. Rd8 Rc2+ 54. Kh3 Rd2 55. Rd7 d4 0-1

[Event "November 21 Early 2023"]
[Site "https://www.chess.com"]
[Date "2023.11.21"]
[Round "6"]
[White "AndresDelgado77"]
[Black "Panda Sambit"]
[Result "0-1"]
[Board "146"]
[TimeControl "180+1"]
[BlackFideId "25091794"]
[WhiteElo "2309"]
[BlackElo "2216"]
[BlackTeam "IND"]
[WhiteClock "0:00:00"]
[BlackClock "0:01:37"]

1. e4 c6 2. Ne2 d5 3. e5 c5 4. c3 d4 5. b4 dxc3 6. Nbxc3 cxb4 7. Qa4+ Nc6 8. Ne4 Bf5 9. Nc5 Qb6 10. d4 e6 11. Be3 Ne7 12. Ng3 Nd5 13. Nxf5 exf5 14. Bb5 Nxe3 15. fxe3 Bxc5 16. dxc5 Qxc5 17. O-O Qxe3+ 18. Kh1 O-O 19. Bxc6 bxc6 20. Rxf5 Qc3 21. Raf1 Rae8 22. R5f3 Qc5 23. Rf5 Rxe5 24. Rxe5 Qxe5 25. Qxb4 Qb5 0-1

[Event "November 21 Early 2023"]
[Site "https://www.chess.com"]
[Date "2023.11.21"]
[Round "6"]
[White "Pumpkin_in_moonlight"]
[Black "BM223344"]
[Result "0-1"]
[Board "147"]
[TimeControl "180+1"]
[WhiteElo "2303"]
[BlackElo "2484"]
[WhiteClock "0:00:00"]
[BlackClock "0:01:40"]

1. e4 e6 2. d4 d5 3. Nc3 Nf6 4. e5 Nfd7 5. f4 c5 6. Nf3 a6 7. Be3 Nc6 8. Qd2 b5 9. a3 Bb7 10. h3 Qb6 11. g4 h5 12. Bg2 cxd4 13. Nxd4 Nxd4 14. Bxd4 Bc5 15. Ne2 hxg4 16. hxg4 Rxh1+ 17. Bxh1 O-O-O 18. O-O-O Kb8 19. f5 Bxd4 20. Nxd4 Nxe5 21. fxe6 fxe6 22. Qf4 Qd6 23. Kb1 Nc4 24. Qxd6+ Rxd6 25. Re1 e5 26. Nf5 Rg6 27. b3 Nd2+ 28. Kc1 Ne4 29. Bxe4 dxe4 30. Ne3 Bc8 31. Rd1 Bxg4 32. Rd8+ Kc7 33. Re8 Bd7 34. Rxe5 Re6 35. Rg5 g6 36. Kb2 Kd6 37. Kc3 Ke7 38. Kd4 Kf6 0-1

[Event "November 21 Early 2023"]
[Site "https://www.chess.com"]
[Date "2023.11.21"]
[Round "6"]
[White "Cardozo Munar, Carlos Eduardo"]
[Black "Pinero Rodriguez, Carlos Jose"]
[Result "0-1"]
[Board "148"]
[TimeControl "180+1"]
[WhiteFideId "4409477"]
[BlackFideId "3901726"]
[WhiteElo "2067"]
[BlackElo "2191"]
[WhiteTeam "COL"]
[BlackTeam "VEN"]
[WhiteClock "0:00:00"]
[BlackClock "0:00:54"]

1. d4 Nf6 2. Bg5 Ne4 3. h4 c5 4. d5 Qb6 5. Nd2 Nxd2 6. Bxd2 Qxb2 7. e4 d6 8. Nf3 e5 9. Bc4 Qa3 10. Kf1 a6 11. Bc1 Qa4 12. Qe2 Bg4 13. Bb3 Qd7 14. c4 Be7 15. a4 b6 16. Bg5 f6 17. Be3 O-O 18. h5 Qc7 19. Rh4 f5 20. Rxg4 fxg4 21. Nh2 g3 22. Nf3 gxf2 23. Kxf2 Nd7 24. Rh1 Nf6 25. h6 Nxe4+ 26. Kg1 Ng3 27. Qd3 Nxh1 28. Kxh1 g6 29. Bg5 Qd8 30. Be3 Qd7 31. Bc2 Qg4 32. Kg1 Rxf3 0-1